woodfighter, chaotic female orcish Cavewoman --- ---.--- --.....| ----......| --.....)*..| --.----%....-- --%.|--...*...| ---- ... |[..||.....---- --..-- .<. .--.-----..|.| |....-- ... ....| ---|.| |....[-- -.-- |.| ---....| |.-- |.| ---- |....| |.@| --.---..---.---- %%- |...........| G |...--------- ----- woodfighter the Cave Teen Experience level: 5 Strength: 18 Dexterity: 11 Constitution: 18 Intelligence: 10 Wisdom: 9 Charisma: 10 Health: 0(51) Energy: 16(16) Def: 2 Gold: 180 Moves: 1405 Dungeon seed: Y055b6jbFh9PgLxv Game ID: woodfighter_1475406836 Your Inventory: Coins $ - 180 gold pieces Weapons a - a +1 club (weapon in hand) b - a +2 sling o - 5 +3 dwarvish spears named Spear of Virtue (in quiver) Armor e - an uncursed +0 dwarvish cloak n - an uncursed +0 orcish helm q - an uncursed +0 leather armor (being worn) u - an uncursed +0 elven mithril-coat y - an uncursed +0 dwarvish cloak z - a cursed +0 dwarvish iron helm Y - an uncursed +0 dwarvish cloak Comestibles c - 2 uncursed eggs f - an uncursed pancake g - 2 uncursed lichen corpses h - an uncursed food ration Scrolls i - a cursed scroll of identify j - 3 uncursed scrolls of identify k - an uncursed scroll of scare monster m - an uncursed scroll of scare monster Spellbooks d - an uncursed spellbook of remove curse l - a cursed spellbook of identify Tools r - an uncursed tallow candle (0:200) s - a +0 pick-axe Spells and supernatural/magical abilities: Name Level Category Fail Memory W - pray for help -- divine ? -- Your skills at the end: Miscellaneous Skills bare handed combat [Basic] Weapon Skills scimitar [Basic] club [Basic] sling [Basic] Spellcasting Skills Final Attributes: You were piously aligned. You were poison resistant. You had infravision. You were somewhat stealthy. You are dead. Vanquished creatures: 2 gnome lords a gnomish wizard 4 dwarves a hobbit a gecko 10 gnomes 3 jackals 4 newts a goblin 4 sewer rats 4 grid bugs 2 lichens a kobold zombie 38 creatures vanquished. Voluntary challenges: You did not adorn yourself with jewelry or accessories. You did not cause conflict. You were not invisible. You did not have reflection. You were not displaced. You were an atheist. You used a wielded weapon 48 times, starting on turn 121. You did not use tools. You did not use plumbed fixtures. You did not drink any magical draughts. You were illiterate. You never genocided any monsters. You never polymorphed an object. You never changed form. You used no wishes. You never split a pudding. You never wrote Elbereth's name. You never violated your personal moral code. Dungeon overview: The Dungeons of Doom: levels 1 to 4 Level 1 some fountains a long staircase Level 2 a scroll shop, a fountain Level 3 some fountains stairs to The Gnomish Mines Level 4 a fountain The Gnomish Mines: levels 4 to 5 Level 4 stairs to The Dungeons of Doom Level 5 <- You were here History has recorded: On T:1 you entered the Dungeons of Doom to retrieve the Amulet of Yendor! On T:54 you reached level 2 of The Dungeons of Doom. On T:485 you advanced to experience level 2. On T:571 you reached level 3 of The Dungeons of Doom. On T:825 you reached level 4 of The Dungeons of Doom. On T:1011 you reached level 1 of The Gnomish Mines. On T:1013 you advanced to experience level 3. On T:1081 you advanced to experience level 4. On T:1182 you advanced to experience level 5. On T:1263 you reached level 2 of The Gnomish Mines. Score breakdown: Gold: 180 ( 18 points) Experience: 5 levels ( 400 points) Exploration: 5 levels ( 120 points) Discoveries: 11 items ( 550 points) Variety of kills: 13 monsters ( 650 points) Major goal: (nothing yet) ( 0 points) Survival: died (score multiplied by 3) Total score: 5214 Latest messages: s - a pick-axe. l - a dark brown spellbook. d - a cloth spellbook. t - a pair of hard shoes. You have a little trouble lifting u - an elven mithril-coat. Your movements are slowed slightly because of your load. You drop a pair of hard shoes. You drop a pair of hard shoes. You drop a pair of hard shoes. Your movements are now unencumbered. You stop exploring. You feel agile! You must have been working on your reflexes. The dwarf wields a dagger! You hit the dwarf! You kill the gnome! The dwarf thrusts his dagger at the cavewoman. The dwarf stabs you! You kill the dwarf! The gnome plays a frost horn! The bolt of cold hits you! The bolt of cold bounces! The bolt of cold hits you! You die... Final status: Goodbye woodfighter the Cavewoman, killed by a bolt of cold... You died in The Gnomish Mines on dungeon level 5 with 5214 points, and 180 pieces of gold, after 1405 moves. You were level 5 with a maximum of 51 hit points when you died.